 Dungeon Sprint DCSS version 0.26-a0-652-gafc20e3620 (webtiles) character file.

Game seed: 3392262951830799780

15504 sahdkjhfkaj the Grappler (level 12, 0/101 HPs)
             Began as a Gnoll Transmuter on Oct 3, 2020.
             Was an Initiate of Gozag.
             Slain by a sixfirhy (10 damage)
             ... in the Dungeon (Sprint VII: "The Pits").
             The game lasted 00:12:55 (11942 turns).

sahdkjhfkaj the Grappler (Gnoll Transmuter)        Turns: 11942, Time: 00:12:56

Health: 0/101      AC:  7    Str: 17    XL:     12   Next: 27%
Magic:  19/28      EV: 24    Int: 16    God:    Gozag
Gold:   1127       SH:  0    Dex: 16    Spells: 16/35 levels left

rFire    . . .     SeeInvis .     - Unarmed
rCold    . . .     Faith    .   (no shield)
rNeg     . . .     Spirit   .   a - +0 robe
rPois    .         Reflect  .   (no helmet)
rElec    .         Harm     .   r - +0 cloak
rCorr    .         Rampage  .   (no gloves)
MR       .....     NoTele   +   (no boots)
Stlth    +++++.....             (no amulet)
HPRegen  0.26/turn              n - +3 ring of evasion
MPRegen  0.21/turn              o - +3 ring of protection

@: no status effects
A: distributed training, fangs 1, blurry vision 1, strong nose
a: Potion Petition, Call Merchant, Bribe Branch, Renounce Religion


You were in the Dungeon.
You worshipped Gozag.
Gozag was most pleased with you.
You visited 1 branch You collected 6249 gold pieces.
You spent 3481 gold pieces at shops.
You paid 1641 gold pieces to Gozag.

Inventory:

Armour
 a - a +0 robe (worn)
 r - a +0 cloak (worn)
Jewellery
 d - an uncursed ring of protection from fire
 n - a +3 ring of evasion (left hand)
 o - a +3 ring of protection (right hand)
 t - an uncursed ring of fire
Scrolls
 i - 4 scrolls of remove curse
 j - 5 scrolls of amnesia
 k - a scroll of summoning
 l - 2 scrolls of vulnerability
 s - a scroll of enchant weapon
 u - 2 scrolls of identify
 w - 2 scrolls of blinking
 x - 2 scrolls of fog
 y - a scroll of fear
 z - 2 scrolls of enchant armour
Potions
 b - 2 potions of invisibility
 c - 6 potions of curing
 e - a potion of haste
 f - a potion of magic
 g - 6 potions of berserk rage
 h - a potion of flight
 p - 6 potions of might
 q - 3 potions of stabbing
 v - 2 potions of heal wounds
 A - a potion of mutation
Miscellaneous
 m - a phantom mirror


   Skills:
 + Level 11.7 Fighting
 + Level 11.4 Short Blades
 + Level 11.4 Long Blades
 + Level 11.4 Axes
 + Level 11.4 Maces & Flails
 + Level 11.4 Polearms
 + Level 11.4 Staves
 + Level 11.4 Slings
 + Level 11.4 Bows
 + Level 11.4 Crossbows
 + Level 11.4 Throwing
 + Level 11.4 Armour
 + Level 12.2 Dodging
 + Level 11.4 Stealth
 + Level 11.4 Shields
 + Level 12.9 Unarmed Combat
 + Level 12.3 Spellcasting
 + Level 9.7 Conjurations
 + Level 9.7 Hexes
 + Level 9.7 Summonings
 + Level 9.7 Necromancy
 + Level 9.7 Translocations
 + Level 10.4 Transmutations
 + Level 9.7 Fire Magic
 + Level 9.7 Ice Magic
 + Level 9.7 Air Magic
 + Level 9.7 Earth Magic
 + Level 9.7 Poison Magic
 + Level 12.3 Invocations
 + Level 11.4 Evocations


You had 16 spell levels left.
You knew the following spells:

 Your Spells              Type           Power        Failure   Level
a - Beastly Appendage     Tmut           #####.       1%          1
e - Borgnjor's Vile Clut  Necr/Erth      #####.....   3%          5
n - Necromutation         Tmut/Necr      #####.....   100%        8
A - Blade Hands           Tmut           #####.....   2%          5

Your spell library contained the following spells:

 Spells                   Type           Power        Failure   Level
 Ensorcelled Hibernation  Hex/Ice        #####.       1%          2
 Wereblood                Tmut           #####...     1%          2
 Spider Form              Tmut/Pois      #####.....   1%          3
 Ice Form                 Ice/Tmut       #####...     1%          4
 Silence                  Hex/Air        #####.....   3%          5
 Shadow Creatures         Summ           N/A          21%         6
 Haunt                    Necr/Summ      #####.....   73%         7
 Borgnjor's Revivificati  Necr           #####.....   100%        8
 Infestation              Necr           #####.....   100%        8
 Death's Door             Necr           #####.....   100%        9


Dungeon Overview and Level Annotations

Branches:
Dungeon (1/1)

Altars:
Ashenzari
Cheibriados
Dithmenos
Elyvilon
Fedhas
Gozag
Hepliaklqana
Kikubaaqudgha
Makhleb
Nemelex Xobeh
Okawaru
Qazlal
Ru
Sif Muna
Trog
Uskayaw
Vehumet
Wu Jian
Xom
Yredelemnul
Zin
The Shining One
Beogh
Jiyva
Lugonu

Shops:
D }:

Annotations:
D exclusion: 3 doors


Innate Abilities, Weirdness & Mutations

Your experience applies equally to all skills.
You have very sharp teeth.
Your uncanny sense of smell can sniff out nearby items.
Scrolls take you a little longer to read.


Message History

The hell knight hits you with a +5 vorpal scimitar!!
The sixfirhy completely misses you. The hell knight closely misses you.
The sixfirhy misses you.
Casting: Borgnjor's Vile Clutch (dangerous; 3% risk of failure)
Confirm with . or Enter, or press ? or * to list all spells.
Press: ? - help, Shift-Dir - straight line, f/p - orc knight
Aim: an orc knight, wielding a +3 broad axe of electrocution and wearing a +0 chain mail (severely wounded) Zombie hands grab the hell knight.
Zombie hands grab the orc knight.
The zombie hands constrict the hell knight.
The zombie hands constrict the orc knight.
The sixfirhy barely misses you. The sixfirhy hits you. The sixfirhy shocks you!
The sixfirhy misses you.
The hell knight hits you with a +5 vorpal scimitar!
* * * LOW HITPOINT WARNING * * *
x2 The orc knight struggles to escape constriction.
The sixfirhy hits you!
* * * LOW HITPOINT WARNING * * *
The sixfirhy shocks you!
You die...
Your body crumbles into a pile of gold.

#.#Gi+.##..###########
#.+H|#.##..#∆∆∆ ∆ ∆ #.#3N+.##..#∆
∆ ∆ ∆ +###########.+Es#.##..#∆∆∆
∆ ∆ ......##..##.##+#.##o.# ∆ ∆
......##..##......##.)#∆∆∆
......''..##########..#∆ ∆
......)'..##########..#∆∆∆
......##...)....@p.o..#
......##...).....3....#
'###################### '#####
######################### .....#
#.........##.).?.'...'!.[ .....#
##.......###...).##.##}.} ....##
####..(###########...#### #''##
###..'...'..##..##.......##
....###....##'##.....##.........#


You could see an orc knight (clutched), a hell knight (fast, clutched) and a
sixfirhy.

Vanquished Creatures
  A shadow dragon (D)
  A two-headed ogre (D)
  A death knight (D)
  Erica (D)
  A fire crab (D)
  A hell knight (D)
  2 sea snakes (D)
  A flayed ghost (D)
  2 lindwurms (D)
  A spriggan druid (D)
  2 orc knights (D)
  2 deep elf magi (D)
  An orc sorcerer (D)
  An elephant (D)
  3 molten gargoyles (D)
  A smoke demon (D)
  A cane toad (D)
  2 rime drakes (D)
  A freezing wraith (D)
  A red devil (D)
  A jumping spider (D)
  2 snapping turtles (D)
  Sigmund (D)
  2 tarantellas (D)
  A large abomination (D)
  A wyvern (D)
  A fire bat (D)
  A water elemental (D)
  A basilisk (D)
  2 fire elementals (D)
  A warg (D)
  A water moccasin (D)
  An acid dragon (D)
  A floating eye (D)
  An eye of draining (D)
  An ice beast (D)
  A wolf (D)
  4 centaurs (D)
  2 big kobolds (D)
  A gnoll sergeant (D)
  A scorpion (D)
  A jelly (D)
  2 orc priests (D)
  An iron imp (D)
  A hell rat (D)
  A worker ant (D)
  2 gnolls (D)
  3 oozes (D)
  An adder zombie (D)
  An adder skeleton (D)
  A worm (D)
  A leopard gecko (D)
  An orc (D)
  A giant cockroach (D)
  A hobgoblin (D)
  3 jackals (D)
  A kobold (D)
  A frilled lizard (D)
  A rat (D)
79 creatures vanquished.

Vanquished Creatures (others)
  A worker ant (D)
  An orc (D)
2 creatures vanquished.

Grand Total: 81 creatures vanquished

Notes
Turn   | Place    | Note
-------+----------+-------------------------------------------
     0 | D        | sahdkjhfkaj the Gnoll Transmuter began the quest for the
                  | Orb.
     0 | D        | Reached XP level 1. HP: 17/17 MP: 6/6
    11 | D        | Reached skill level 5 in Spellcasting
    11 | D        | Reached skill level 1 in Invocations
    15 | D        | Found a bloodstained altar of Trog.
    15 | D        | Found a shimmering blue altar of Sif Muna.
    15 | D        | Found a viscous altar of Jiyva.
    15 | D        | Found a hazy altar of Hepliaklqana.
    15 | D        | Found an opulent altar of Gozag.
    16 | D        | Found a glowing golden altar of the Shining One.
    16 | D        | Found a glowing silver altar of Zin.
    16 | D        | Found a basalt altar of Yredelemnul.
    16 | D        | Found a shimmering altar of Xom.
    16 | D        | Found an ornate altar of the Wu Jian Council.
    16 | D        | Found a sacrificial altar of Ru.
    16 | D        | Found a stormy altar of Qazlal.
    16 | D        | Found an iron altar of Okawaru.
    16 | D        | Found a sparkling altar of Nemelex Xobeh.
    16 | D        | Found a burning altar of Makhleb.
    16 | D        | Found a blossoming altar of Fedhas.
    16 | D        | Found a white marble altar of Elyvilon.
    16 | D        | Found a shadowy altar of Dithmenos.
    16 | D        | Found a snail-covered altar of Cheibriados.
    17 | D        | Found a radiant altar of Vehumet.
    17 | D        | Found a corrupted altar of Lugonu.
    17 | D        | Found a roughly hewn altar of Beogh.
    18 | D        | Found a hide-covered altar of Uskayaw.
    18 | D        | Found an ancient bone altar of Kikubaaqudgha.
    18 | D        | Found a broken altar of Ashenzari.
    26 | D        | Became a worshipper of Gozag Ym Sagoz the Greedy
    60 | D        | Reached skill level 1 in Short Blades
    60 | D        | Reached skill level 1 in Long Blades
    60 | D        | Reached skill level 1 in Axes
    60 | D        | Reached skill level 1 in Maces & Flails
    60 | D        | Reached skill level 1 in Polearms
    60 | D        | Reached skill level 1 in Staves
    60 | D        | Reached skill level 1 in Slings
    60 | D        | Reached skill level 1 in Bows
    60 | D        | Reached skill level 1 in Crossbows
    60 | D        | Reached skill level 1 in Throwing
    60 | D        | Reached skill level 1 in Armour
    60 | D        | Reached skill level 1 in Stealth
    60 | D        | Reached skill level 1 in Shields
    60 | D        | Reached skill level 1 in Evocations
    62 | D        | Reached XP level 2. HP: 13/23 MP: 6/8
   202 | D        | Reached skill level 1 in Conjurations
   202 | D        | Reached skill level 1 in Hexes
   202 | D        | Reached skill level 1 in Summonings
   202 | D        | Reached skill level 1 in Necromancy
   202 | D        | Reached skill level 1 in Translocations
   202 | D        | Reached skill level 1 in Fire Magic
   202 | D        | Reached skill level 1 in Ice Magic
   202 | D        | Reached skill level 1 in Air Magic
   202 | D        | Reached skill level 1 in Earth Magic
   202 | D        | Reached skill level 1 in Poison Magic
   372 | D        | Noticed a big kobold
   386 | D        | Reached skill level 5 in Dodging
   386 | D        | Reached XP level 3. HP: 24/29 MP: 9/9
   403 | D        | Killed a big kobold
   403 | D        | Reached XP level 4. HP: 5/37 MP: 9/11
   721 | D        | Noticed a centaur
   721 | D        | Noticed Sigmund
   735 | D        | Reached XP level 5. HP: 28/42 MP: 10/13
   744 | D        | Killed a centaur
   744 | D        | Reached skill level 5 in Transmutations
   752 | D        | Learned a level 5 spell: Blade Hands
   768 | D        | Reached XP level 6. HP: 12/50 MP: 12/15
   861 | D        | Reached skill level 5 in Fighting
   861 | D        | Reached skill level 5 in Invocations
  1007 | D        | Gained mutation: Scrolls take you a little longer to read.
                  | [mutagenic glow]
  1010 | D        | Killed Sigmund
  1010 | D        | Reached skill level 5 in Short Blades
  1010 | D        | Reached skill level 5 in Long Blades
  1010 | D        | Reached skill level 5 in Axes
  1010 | D        | Reached skill level 5 in Maces & Flails
  1010 | D        | Reached skill level 5 in Polearms
  1010 | D        | Reached skill level 5 in Staves
  1010 | D        | Reached skill level 5 in Slings
  1010 | D        | Reached skill level 5 in Bows
  1010 | D        | Reached skill level 5 in Crossbows
  1010 | D        | Reached skill level 5 in Throwing
  1010 | D        | Reached skill level 5 in Armour
  1010 | D        | Reached skill level 5 in Stealth
  1010 | D        | Reached skill level 5 in Shields
  1010 | D        | Reached skill level 5 in Evocations
  1010 | D        | Reached XP level 7. HP: 46/57 MP: 10/17
  1240 | D        | Noticed Erica
  1243 | D        | Killed Erica
  1243 | D        | Reached skill level 5 in Conjurations
  1243 | D        | Reached skill level 5 in Hexes
  1243 | D        | Reached skill level 5 in Summonings
  1243 | D        | Reached skill level 5 in Necromancy
  1243 | D        | Reached skill level 5 in Translocations
  1243 | D        | Reached skill level 5 in Fire Magic
  1243 | D        | Reached skill level 5 in Ice Magic
  1243 | D        | Reached skill level 5 in Air Magic
  1243 | D        | Reached skill level 5 in Earth Magic
  1243 | D        | Reached skill level 5 in Poison Magic
  1243 | D        | Reached XP level 8. HP: 67/67 MP: 14/20
  1421 | D        | Noticed a molten gargoyle
  1421 | D        | Noticed an elephant
  1433 | D        | Killed a molten gargoyle
  1435 | D        | Reached XP level 9. HP: 58/72 MP: 12/21
  1444 | D        | Killed an elephant
  1450 | D        | Bought a phantom mirror for 330 gold pieces
  1829 | D        | Noticed a molten gargoyle
  1835 | D        | Killed a molten gargoyle
  1835 | D        | Reached skill level 10 in Unarmed Combat
  1936 | D        | Noticed a sea snake
  1936 | D        | Noticed a red devil
  1943 | D        | Killed a sea snake
  1951 | D        | Killed a red devil
  1951 | D        | Reached XP level 10. HP: 61/82 MP: 19/23
  2288 | D        | Noticed a lindwurm
  2297 | D        | Killed a lindwurm
  2297 | D        | Reached skill level 10 in Spellcasting
  2402 | D        | Noticed a flayed ghost
  2402 | D        | Noticed a cane toad
  2409 | D        | Reached skill level 10 in Dodging
  2415 | D        | Killed a cane toad
  2420 | D        | Killed a flayed ghost
  2420 | D        | Reached skill level 10 in Invocations
  2761 | D        | Noticed a deep elf mage
  2761 | D        | Noticed a two-headed ogre
  2761 | D        | Noticed a shadow dragon
  5542 | D        | Killed a deep elf mage
  7402 | D        | Killed a two-headed ogre
  7402 | D        | Reached skill level 10 in Fighting
  7402 | D        | Reached XP level 11. HP: 51/90 MP: 20/25
  7674 | D        | Noticed an orc sorcerer
  7682 | D        | Killed an orc sorcerer
  7713 | D        | Killed a shadow dragon
  7713 | D        | Reached skill level 10 in Short Blades
  7713 | D        | Reached skill level 10 in Long Blades
  7713 | D        | Reached skill level 10 in Axes
  7713 | D        | Reached skill level 10 in Maces & Flails
  7713 | D        | Reached skill level 10 in Polearms
  7713 | D        | Reached skill level 10 in Staves
  7713 | D        | Reached skill level 10 in Slings
  7713 | D        | Reached skill level 10 in Bows
  7713 | D        | Reached skill level 10 in Crossbows
  7713 | D        | Reached skill level 10 in Throwing
  7713 | D        | Reached skill level 10 in Armour
  7713 | D        | Reached skill level 10 in Stealth
  7713 | D        | Reached skill level 10 in Shields
  7713 | D        | Reached skill level 10 in Evocations
  7814 | D        | Bought a book of Dreams for 1275 gold pieces
  7828 | D        | Learned a level 5 spell: Borgnjor's Vile Clutch
  7916 | D        | Noticed a sea snake
  7919 | D        | Noticed a lindwurm
  7951 | D        | Killed a sea snake
  7959 | D        | Killed a lindwurm
 10276 | D        | Noticed a deep elf mage
 10284 | D        | Killed a deep elf mage
 10437 | D        | Reached skill level 10 in Transmutations
 10551 | D        | Noticed a death knight
 10591 | D        | Bought a Necronomicon for 1876 gold pieces
 10600 | D        | Learned a level 8 spell: Necromutation
 10675 | D        | Killed a death knight
 10675 | D        | Reached XP level 12. HP: 16/100 MP: 1/27
 11444 | D        | Noticed a great orb of eyes
 11444 | D        | Noticed a spriggan rider
 11444 | D        | Noticed a sphinx
 11444 | D        | Noticed a soul eater
 11444 | D        | Noticed a nagaraja
 11444 | D        | Noticed an emperor scorpion
 11469 | D        | Noticed a hell knight
 11469 | D        | Noticed a hell knight
 11920 | D        | Noticed a hell knight
 11942 | D        | Slain by a sixfirhy

Illustrated notes

Levels and vault maps discovered:
D:        pitsprint [storerooms_1, entrance_room_1, metal_vault_2, armoury_3,
          mini_pit_1, grid_room_1, main_hall_1, silver_pit, the_coven_3,
          the_vestibule_1, steel_vault_4, golden_pit, hallway_of_sentries,
          crystal_vault_5, iron_vault_4, final_vault]

Skill      XL: |  1  2  3  4  5  6  7  8  9 10 11 12 |
---------------+-------------------------------------+-----
Spellcasting   | 5 6 7 8 9 10 11 12 | 12.3
Invocations    | 1 2 3 4 5 7 9 10 11 12 | 12.3
Short Blades   | 1 2 3 4 5 6 7 8 9 11 | 11.4
Long Blades    | 1 2 3 4 5 6 7 8 9 11 | 11.4
Axes           | 1 2 3 4 5 6 7 8 9 11 | 11.4
Maces & Flails | 1 2 3 4 5 6 7 8 9 11 | 11.4
Polearms       | 1 2 3 4 5 6 7 8 9 11 | 11.4
Staves         | 1 2 3 4 5 6 7 8 9 11 | 11.4
Slings         | 1 2 3 4 5 6 7 8 9 11 | 11.4
Bows           | 1 2 3 4 5 6 7 8 9 11 | 11.4
Crossbows      | 1 2 3 4 5 6 7 8 9 11 | 11.4
Throwing       | 1 2 3 4 5 6 7 8 9 11 | 11.4
Armour         | 1 2 3 4 5 6 7 8 9 11 | 11.4
Stealth        | 1 2 3 4 5 6 7 8 9 11 | 11.4
Shields        | 1 2 3 4 5 6 7 8 9 11 | 11.4
Evocations     | 1 2 3 4 5 6 7 8 9 11 | 11.4
Conjurations   | 1 2 3 4 5 6 8 9 |  9.7
Hexes          | 1 2 3 4 5 6 8 9 |  9.7
Summonings     | 1 2 3 4 5 6 8 9 |  9.7
Necromancy     | 1 2 3 4 5 6 8 9 |  9.7
Translocations | 1 2 3 4 5 6 8 9 |  9.7
Fire Magic     | 1 2 3 4 5 6 8 9 |  9.7
Ice Magic      | 1 2 3 4 5 6 8 9 |  9.7
Air Magic      | 1 2 3 4 5 6 8 9 |  9.7
Earth Magic    | 1 2 3 4 5 6 8 9 |  9.7
Poison Magic   | 1 2 3 4 5 6 8 9 |  9.7
Fighting       | 3 4 5 7 8 10 11 | 11.7
Dodging        | 5 6 7 8 9 10 11 12 | 12.2
Transmutations | 4 5 6 7 8 9 10 | 10.4
Unarmed Combat | 7 8 9 10 11 12 | 12.9

Action                   |  1- 3 |  4- 6 |  7- 9 | 10-12 || total
-------------------------+-------+-------+-------+-------++-------
Melee: Unarmed           |    39 |    22 |    47 |   134 ||   242
       Kick              |     8 |     6 |       |       ||    14
       Headbutt          |     5 |     5 |       |       ||    10
       Bite              |     8 |     1 |     7 |    19 ||    35
       Punch             |     2 |     1 |       |     7 ||    10
 Cast: Beastly Appendage |     5 |     2 |       |       ||     7
       Blade Hands       |       |     2 |     5 |    27 ||    34
       Borgnjor's Vile C |       |       |       |    30 ||    30
Invok: Call Merchant     |       |       |     1 |     1 ||     2
 Abil: End Transformatio |       |       |       |     2 ||     2
  Use: Potion            |       |     3 |     3 |    12 ||    18
       Scroll            |       |       |       |     1 ||     1
 Stab: Distracted        |     1 |       |       |       ||     1
       Sleeping          |       |       |     4 |       ||     4
Armor: Robe              |     5 |       |     2 |    35 ||    42
Dodge: Dodged            |    32 |    18 |    24 |   161 ||   235

Table legend: (Time is in decaauts) A = Elapsed time spent in this place. B = Non-inter-level travel time spent in this place. C = Inter-level travel time spent in this place. D = Time resting spent in this place. E = Time spent auto-exploring this place. F = Levels seen in this place. G = Mean time per level. A B C D E F G +--------+--------+--------+--------+--------+-----+--------+ Total | 11908 | 11695 | 213 | 10114 | 92 | 1 | 11908.0 | Dungeon | 11908 | 11695 | 213 | 10114 | 92 | 1 | 11908.0 | +--------+--------+--------+--------+--------+-----+--------+

Top non-repeatable levels by time:
       D: 11908 daAuts
